 Dungeon Crawl Stone Soup version 0.21.1-1-g345015f (webtiles) character file.

38 inc the Ducker (level 3, 25/25 HPs)
             Began as a Felid Chaos Knight on Mar 12, 2018.
             Quit the game on level 3 of the Dungeon.
             The game lasted 00:03:38 (2895 turns).

inc the Ducker (Felid Chaos Knight)                 Turns: 2895, Time: 00:03:38

Health: 25/25      AC: 21    Str:  6 (8)  XL:     3   Next: 25%
Magic:  4/4        EV:  4    Int: 16 (19) God:    Xom [...*..]
Gold:   87         SH:  0    Dex: 14 (15) Spells: 2/2 levels left
                                        Lives:  0   Deaths: 1

rFire    . . .     SeeInvis +     - Unarmed
rCold    . . .     Gourm    .   (shield unavailable)
rNeg     + + +     Faith    .   (armour unavailable)
rPois    +         Spirit   .   (helmet unavailable)
rElec    .         Reflect  .   (cloak unavailable)
rCorr    .         Harm     .   (gloves unavailable)
MR       .....     NoTele   +   (boots unavailable)
Stlth    +.........             (no amulet)
HPRegen  0.08/turn              l - ring of poison resistance
MPRegen  0.09/turn              (no ring)

@: brilliant, tree-form, very slightly contaminated, invisible
A: very small, no armour, no weapons or thrown items, stealth, see invisible,
carnivore, slow metabolism 1
a: Renounce Religion


You were on level 3 of the Dungeon.
You worshipped Xom.
You were a favourite toy of Xom.
You were not hungry.
You were a tree.
You visited 1 branch of the dungeon, and saw 3 of its levels.

You collected 87 gold pieces.

Inventory:

Jewellery
 l - a ring of poison resistance (left branch)
Scrolls
 d - a scroll of enchant weapon {unknown}
 e - a scroll of enchant armour {unknown}
 f - a scroll of random uselessness {unknown}
 m - 2 scrolls of teleportation {unknown}
 o - a scroll of identify
Potions
 b - 4 potions of curing
 c - 2 potions of cancellation
 g - 2 potions of resistance
 h - 2 potions of agility
 i - a potion of degeneration
Comestibles
 a - 6 rations


   Skills:
 + Level 3.0 Fighting
 - Level 5.1 Dodging
 - Level 4.0 Unarmed Combat


You had 2 spell levels left.
You didn't know any spells.

Dungeon Overview and Level Annotations

Branches:
Dungeon (3/15)

Altars:
Trog
Uskayaw
Vehumet
Wu Jian
Xom
Yredelemnul


Innate Abilities, Weirdness & Mutations

You cannot wear armour.
You are incapable of wielding weapons or throwing items.
Your paws allow you to move quietly. (Stealth)
((You have sharp claws.))
((You have razor-sharp teeth.))
You have supernaturally acute eyesight. (SInv)
You are carnivorous and can eat meat at any time.
((You cover ground quickly.))
((You are covered in fur. (AC +1)))
You have a slow metabolism.
((Your sharp claws are effective at attacking unaware monsters.))


Message History

The sky beast is severely wounded.
The sky beast hits you.
* * * LOW HITPOINT WARNING * * *
The sky beast shocks you.
You die...
Xom giggles madly!
You are now level 3!
Xom is highly amused!
You rejoin the land of the living...
It was a potion of degeneration.
There was something very wrong with that liquid.
You feel weakened.
You feel dopey.
You feel clumsy.
It was a potion of lignification.
You turn into a tree.
Your roots penetrate the ground.
It was a potion of invisibility.
You fade into invisibility!
You are very lightly contaminated with residual magic.
It was a potion of brilliance.
You feel clever all of a sudden.
Are you sure you want to abandon this character and quit the game? (Confirm with "yes".)

###.......##.....#
#.#
.......#..#..#..#
#.#
######...........#
#.# #..#...#....#
##.#
######(###.###...#
#..#
.....#..#...#....#
#.##
.....#...._......#
#.#
.....#..#...#....#
#.##
.....#.###.###..♣#
#..#
.....#..#..(#....#
##.#
...............#.#
#..#
#####....#######.#
#.## ###### ##.#
#.# #..# #.# ##.##
#.# #..# #.# #.##
#.##


There were no monsters in sight!

Vanquished Creatures
  2 adders
  An ooze (D:1)
  A worm (D:3)
  2 dart slugs (D:2)
  8 bats
  3 giant cockroaches
  8 goblins
  2 hobgoblins
  10 jackals (D:1)
  6 kobolds
  A ball python (D:2)
  3 frilled lizards
  4 rats
  A spectral orc (D:2)
52 creatures vanquished.

Notes
Turn   | Place    | Note
-------+----------+-------------------------------------------
     0 | D:1      | inc the Felid Chaos Knight began the quest for the Orb.
     0 | D:1      | Reached XP level 1. HP: 10/10 MP: 2/2
   265 | D:1      | XOM: silly message
   315 | D:1      | XOM: divination: detect creatures
   335 | D:1      | Reached XP level 2. HP: 12/14 MP: 3/3
   971 | D:1      | Reached XP level 3. HP: 12/17 MP: 4/4
  1306 | D:2      | Reached skill level 4 in Dodging
  1309 | D:2      | Found a basalt altar of Yredelemnul.
  1347 | D:2      | XOM: severe Tmut miscast
  1574 | D:2      | Found a hide-covered altar of Uskayaw.
  1736 | D:2      | Found an ornate altar of the Wu Jian Council.
  1870 | D:2      | Found a bloodstained altar of Trog.
  2033 | D:3      | XOM is BORED!
  2033 | D:3      | XOM: polymorph frilled lizard -> kobold
  2203 | D:2      | XOM: summons 1 hostile demon
  2219 | D:3      | Reached XP level 4. HP: 15/21 MP: 5/5
  2257 | D:3      | Reached skill level 5 in Dodging
  2276 | D:3      | Found a shimmering altar of Xom.
  2451 | D:3      | Noticed a sky beast
  2496 | D:3      | XOM: fog
  2692 | D:3      | Found a radiant altar of Vehumet.
  2841 | D:3      | XOM: harmless Chrm miscast
  2889 | D:3      | XOM: butterfly on damage
  2890 | D:3      | Slain by a sky beast
  2891 | D:3      | Reached XP level 3. HP: 0/17 MP: 4/4
  2895 | D:3      | Quit the game

Skill      XL: |  1  2  3  4 |
---------------+-------------+-----
Unarmed Combat | 4 |  4.0
Dodging        | 4 5 |  5.1
Fighting       | |  3.0

Action                   |  1- 3 |  4- 6 || total
-------------------------+-------+-------++-------
Melee: Unarmed           |   155 |    46 ||   201
       Bite              |    14 |     4 ||    18
       Punch             |     1 |     1 ||     2
  Use: Potion            |     4 |       ||     4
       Scroll            |       |     4 ||     4
 Stab: Sleeping          |     3 |       ||     3
  Eat: Chunk             |     8 |     2 ||    10
Armor: Skin              |     6 |     3 ||     9
Dodge: Dodged            |   129 |    44 ||   173
